 Dungeon Crawl Stone Soup version 0.31-a0-870-g10ed682358 (webtiles) character file.

Game seed: 4088460441805360394

2795 IcyTea the Basher (level 9, -5/80 HPs)
             Began as a Troll Berserker on Oct 12, 2023.
             Was a Priest of Trog.
             Killed by nerve-wracking pain
             ... invoked by a shadow imp
              (13 damage)
             ... on level 7 of the Dungeon.
             The game lasted 00:15:38 (4388 turns).

IcyTea the Basher (Troll Berserker)                 Turns: 4388, Time: 00:15:40

Health: -5/80      AC:  5    Str: 35    XL:     9   Next: 43%
Magic:  8/8        EV: 15    Int:  3    God:    Trog [***...]
Gold:   26         SH:  5    Dex: 11    Spells: 8/8 levels left

rFire   . . .        b - +5 giant spiked club
rCold   . . .        (shield currently unavailable)
rNeg    . . .        D - +1 robe {Will+}
rPois   .            (helmet currently unavailable)
rElec   .            (cloak currently unavailable)
rCorr   .            (gloves unavailable)
SInv    .            (boots unavailable)
Will    +....        h - amulet of reflection
Stlth   +            e - +5 ring of evasion
HPRegen 1.13/turn    t - +6 ring of strength
MPRegen 0.11/turn

%: reflection
@: lethally poisoned (-5 -> -6), beast-form, on berserk cooldown, slowed, very
slow
A: beast (slay +1), large, unfitting armour, claws 3, regeneration 1, shaggy fur
1, tough skin 1
a: Begin Untransformation, Renounce Religion, Berserk, Trog's Hand


You were on level 7 of the Dungeon.
You worshipped Trog.
Trog was most pleased with you.
You were a hulking beast.
You visited 2 branches of the dungeon, and saw 8 of its levels.

You collected 401 gold pieces.
You spent 375 gold pieces at shops.

Inventory:

Hand Weapons
 b - a +5 giant spiked club (weapon)
 w - a +3 dire flail of protection
Missiles
 r - 6 atropa-tipped darts
 v - 2 javelins
 C - 2 throwing nets (quivered)
Armour
 D - a +1 robe of willpower (worn)
Jewellery
 e - a +5 ring of evasion (left claw)
 h - an amulet of reflection (around neck)
 m - a ring of resist corrosion
 t - a +6 ring of strength (right claw)
 E - a +5 ring of evasion
Talismans
 u - a beast talisman (active)
Wands
 c - a wand of charming (15)
 B - a wand of roots (11)
 F - a wand of polymorph (6)
 H - a wand of acid (10)
Scrolls
 d - 2 scrolls of teleportation
 g - 4 scrolls of fog
 i - 3 scrolls of revelation
 j - a scroll of blinking
 k - a scroll of silence
 p - 2 scrolls of vulnerability {unknown}
 y - 2 scrolls of immolation {unknown}
 z - a scroll of poison {unknown}
Potions
 a - a potion of magic {unknown}
 f - 2 potions of curing {unknown}
 l - 2 potions of heal wounds {unknown}
 n - 2 potions of mutation {unknown}
 o - 2 potions of degeneration {unknown}
 q - a potion of resistance {unknown}
 s - a potion of lignification {unknown}
 x - a potion of invisibility {unknown}
 A - 2 potions of brilliance {unknown}
 G - a potion of enlightenment {unknown}


   Skills:
 - Level 2.4 Fighting
 + Level 12.0 Maces & Flails
 - Level 2.4 Dodging
 - Level 2.2 Shapeshifting


You had 8 spell levels left.
You didn't know any spells.
Your spell library was empty.

Dungeon Overview and Level Annotations

Branches:
Dungeon (7/15)             Temple (1/1) D:4

Altars:
Ashenzari
Cheibriados
Dithmenos
Fedhas
Gozag
Hepliaklqana
Kikubaaqudgha
Makhleb
Nemelex Xobeh
Okawaru
Qazlal
Ru
Sif Muna
Trog
Uskayaw
Vehumet
Wu Jian
Xom
Yredelemnul
Zin
The Shining One

Shops:
D:2 [   D:6 *?*?(

Annotations:
D:7 1 transporter


Innate Abilities, Weirdness & Mutations

You are a hulking beast.
Your limbs bulge with bestial killing power. (Slay +1)
You are too large for most types of armour.
You have claws for hands.
Your natural rate of healing is unusually fast.
You are covered in fur. (AC +1)
You have tough skin. (AC +1)


Message History

You bludgeon the manticore!!
You kill the manticore!
Trog accepts your kill.
You are no longer berserk.
You are exhausted.
You feel yourself slow down.
You feel very sick. The water moccasin barely misses you.
You block the shadow imp's attack. You block the orc's attack.
Your Maces & Flails skill increases to level 12!
You closely miss the water moccasin.
You feel the effects of Trog's Hand fading.
You feel very sick. The water moccasin bites you.
* * * LOW HITPOINT WARNING * * *
The water moccasin bites you but does no damage.
The orc hits you with a +0 dagger.
* * * LOW HITPOINT WARNING * * *
The shadow imp barely misses you. The water moccasin closely misses you.
You miss the water moccasin.
You feel sick. You block the water moccasin's attack.
The shadow imp completely misses you. The orc barely misses you.
The water moccasin barely misses you. You block the shadow imp's attack.
The orc hits you with a +0 dagger.
* * * LOW HITPOINT WARNING * * *
The water moccasin closely misses you.
You closely miss the water moccasin.
You feel sick. The water moccasin bites you.
* * * LOW HITPOINT WARNING * * *
You are more poisoned.
The water moccasin poisons you! The shadow imp closely misses you.
The orc hits you but does no damage. You block the water moccasin's attack.
You block the shadow imp's attack. The orc hits you but does no damage.
You barely miss the water moccasin.
Your skin stops crawling.
You feel less strong-willed.
You feel very sick. The water moccasin bites you.
* * * LOW HITPOINT WARNING * * *
The shadow imp gestures at you. Pain shoots through your body!
You die...

#######.......# #.....#
##.............## #.....#
#.......©.......# #.....#
#...#########...###.....#
#..##8.....8##...........
#..#.........#...........
#..#..#...#..#...........
#..#.#..So.#.#...........
#..#....h5...#..#.....###
#..#.#.....#.#..#.....#..
#..#..#...#..#..#.....#..
#..#©........#..#.....#..
#..##8.[[?.8##........###
#...#########.........'..
#.......©.............#..
##.............#......###
###.................#####


You could see a water moccasin, a shadow imp and an orc.

Vanquished Creatures
  The ghost of vaaraton the Thaumaturge, a novice DECj of Vehumet (D:7)
  A manticore (D:7)
  The ghost of Lauz the Slasher, an amateur MiBe of Trog (D:4)
  A wyvern (D:6)
  A steam dragon (D:6)
  Edmund (D:4)
  An orc warrior (D:7)
  2 sky beasts
  A black bear (D:4)
  2 ogres (D:4)
  2 bullfrogs
  Blork the orc (D:5)
  2 howler monkeys
  2 hounds
  2 orc priests
  A gnoll bouda (D:7)
  3 jellies
  2 sleepcaps (D:5)
  3 iguanas
  10 gnolls
  7 adders
  A shadow imp (D:7)
  A white imp (D:5)
  An ufetubus (D:6)
  2 worms
  4 dart slugs
  11 orcs
  9 ball pythons
  3 bats
  10 endoplasms
  4 giant cockroaches
  6 goblins
  2 hobgoblins
  7 jackals
  5 quokkas
  3 frilled lizards
  6 kobolds
  9 rats
131 creatures vanquished.

Notes
Turn   | Place    | Note
-------+----------+-------------------------------------------
     0 | D:1      | IcyTea the Troll Berserker began the quest for the Orb.
     0 | D:1      | Reached XP level 1. HP: 22/22 MP: 0/0
    69 | D:1      | Reached skill level 3 in Maces & Flails
   126 | D:1      | Reached XP level 2. HP: 29/29 MP: 1/1
   286 | D:1      | Reached XP level 3. HP: 36/36 MP: 2/2
   321 | D:1      | Reached ** piety under Trog
   559 | D:2      | Reached skill level 4 in Maces & Flails
   729 | D:2      | Found a faded altar of an unknown god.
   787 | D:2      | Found Yphuxuash's Armour Shoppe.
  1027 | D:3      | Reached XP level 4. HP: 44/44 MP: 3/3
  1030 | D:3      | Found a glowing golden altar of the Shining One.
  1030 | D:3      | Found a radiant altar of Vehumet.
  1097 | D:3      | Reached skill level 5 in Maces & Flails
  1919 | D:4      | Found a runed translucent door.
  1920 | D:4      | Noticed Lauz's ghost (amateur MiBe)
  1963 | D:4      | Found a staircase to the Ecumenical Temple.
  1976 | Temple   | Entered the Ecumenical Temple
  1981 | D:4      | Reached *** piety under Trog
  1986 | D:4      | Noticed an ogre
  1992 | D:4      | Killed an ogre
  1993 | D:4      | Reached XP level 5. HP: 29/50 MP: 4/4
  2000 | D:4      | Noticed a black bear
  2017 | D:4      | Killed a black bear
  2018 | D:4      | Reached skill level 6 in Maces & Flails
  2018 | D:4      | Reached XP level 6. HP: 18/59 MP: 5/5
  2160 | D:4      | Found a shimmering altar of Xom.
  2160 | D:4      | Found an ornate altar of the Wu Jian Council.
  2183 | D:4      | Reached skill level 7 in Maces & Flails
  2208 | D:4      | Found a basalt altar of Yredelemnul.
  2208 | D:4      | Found a hide-covered altar of Uskayaw.
  2486 | D:4      | Noticed Edmund
  2490 | D:4      | Killed Edmund
  2491 | D:4      | Reached XP level 7. HP: 66/66 MP: 6/6
  2581 | D:5      | Entered Level 5 of the Dungeon
  2609 | D:5      | Noticed Blork the orc
  2613 | D:5      | Killed Blork the orc
  2823 | D:5      | Reached skill level 8 in Maces & Flails
  3156 | D:6      | Found Ythrokim's General Store.
  3194 | D:6      | Found Goxutil's Magic Scroll Shop.
  3208 | D:6      | Reached XP level 8. HP: 74/74 MP: 7/7
  3208 | D:6      | Found Neomeg's Assorted Antiques.
  3244 | D:6      | Found Remif's Magic Scroll Boutique.
  3269 | D:6      | Reached skill level 9 in Maces & Flails
  3282 | D:6      | Found Ziyts's Antique Weapon Boutique.
  3580 | D:7      | Reached skill level 10 in Maces & Flails
  3614 | D:7      | Reached **** piety under Trog
  3739 | D:7      | Noticed vaaraton's ghost (novice DECj)
  3788 | D:6      | Bought a +5 giant spiked club for 375 gold pieces
  3869 | D:4      | Killed Lauz's ghost
  4082 | D:7      | Reached XP level 9. HP: 57/80 MP: 8/8
  4160 | D:7      | Found a transporter.
  4163 | D:7      | Noticed a manticore
  4168 | D:7      | Found a transporter.
  4380 | D:7      | Killed vaaraton's ghost
  4381 | D:7      | Reached skill level 11 in Maces & Flails
  4384 | D:7      | Killed a manticore
  4385 | D:7      | Reached skill level 12 in Maces & Flails
  4388 | D:7      | Killed from afar by a shadow imp

Illustrated notes

Levels and vault maps discovered:
D:1:      amcnicky_arrival_blooded_trapdoor, layout_rooms
D:2:      layout_basic, serial_shops, nicolae_lakefront_shop,
          hellmonk_ecumenical_altar_zigzags, kennysheep_generic_room_2
D:3:      layout_basic, mainiacjoe_overflow_large_starburst
D:4:      layout_basic, chequers_temple_overflow_statue_of_worship,
          minmay_temple_entry_mini_moons, ebering_ghost_reflecting_pool,
          uniq_edmund
D:5:      layout_basic, minivault_14, hangedman_decor_riveting,
          minmay_misc_feat_square, uniq_blork_the_orc
D:6:      layout_rooms, serial_shops, nicolae_square_shop, shop, shop, shop,
          shop
D:7:      layout_gridville, gammafunk_ghost_arena, minmay_statues_item,
          hangedman_abyss_or_decor_stagger, minivault_11
Temple:   nicolae_temple_no_exploring_needed

Skill      XL: |  1  2  3  4  5  6  7  8  9 |
---------------+----------------------------+-----
Maces & Flails | 3 4 5 6 7 8 10 12 | 12.0
Shapeshifting  | 2 |  2.2
Fighting       | |  2.4
Dodging        | |  2.4

Action                     |  1- 3 |  4- 6 |  7- 9 || total
---------------------------+-------+-------+-------++-------
  Melee: Mace              |   134 |    88 |       ||   222
         Punch             |     2 |     1 |       ||     3
         Giant club        |       |    38 |       ||    38
         Dire flail        |       |       |   134 ||   134
         Giant spiked club |       |       |    35 ||    35
 Invoke: Berserk           |       |     3 |     1 ||     4
         Trog's Hand       |       |     2 |     1 ||     3
Ability: Begin Untransform |       |       |     2 ||     2
    Use: Scroll            |       |       |     6 ||     6
   Stab: Sleeping          |       |     3 |       ||     3
 Armour: Animal skin       |    78 |    74 |    51 ||   203
         Robe              |       |       |    43 ||    43
  Dodge: Dodged            |   112 |    94 |   130 ||   336
  Block: Other             |       |       |    29 ||    29
         Reflection        |       |       |     1 ||     1
   Form: Beast             |       |     1 |     2 ||     3

Table legend: (Time is in decaauts)
 A = Elapsed time spent in this place.
 B = Non-inter-level travel time spent in this place.
 C = Inter-level travel time spent in this place.
 D = Time resting spent in this place.
 E = Time spent auto-exploring this place.
 F = Levels seen in this place.
 G = Mean time per level.
                   A        B        C        D        E       F      G
               +--------+--------+--------+--------+--------+-----+--------+
         Total |   4450 |   4322 |    128 |     80 |   2401 |   8 |  556.2 |
       Dungeon |   4448 |   4320 |    128 |     80 |   2401 |   7 |  635.4 |
        Temple |      1 |      1 |      0 |      0 |      0 |   1 |    1.0 |
               +--------+--------+--------+--------+--------+-----+--------+

Top non-repeatable levels by time:
     D:3: 927 daAuts
     D:4: 791 daAuts
     D:7: 665 daAuts
     D:5: 601 daAuts
     D:2: 554 daAuts
     D:1: 468 daAuts
     D:6: 439 daAuts
  Temple: 1 daAuts
